 Dungeon Crawl Stone Soup version 0.26-a0-519-gb2f46efeda (webtiles) character file.

Game seed: 4633203148829019336

54 KristoblXynda the Ducker (level 3, -3/27 HPs)
             Began as a Vampire Gladiator on Aug 11, 2020.
             Killed by nerve-wracking pain
             ... invoked by Jessica
              (4 damage)
             ... on level 2 of the Dungeon.
             The game lasted 00:01:39 (1002 turns).

KristoblXynda the Ducker (Vampire Gladiator)        Turns: 1002, Time: 00:01:40

Health: -3/27      AC:  6    Str: 14    XL:     3   Next: 66%
Magic:  3/3        EV: 12    Int: 10    God:
Gold:   83         SH:  0    Dex: 15    Spells: 2/2 levels left

rFire    . . .     SeeInvis +   a - +0 long sword
rCold    . . .     Faith    .   (no shield)
rNeg     . . .     Spirit   .   j - +0 ring mail
rPois    .         Reflect  .   c - +0 helmet
rElec    .         Harm     .   (no cloak)
rCorr    .                      (no gloves)
MR       .....                  (no boots)
Stlth    +.........             g - amulet of regeneration
HPRegen  0.69/turn              (no ring)
MPRegen  0.08/turn              (no ring)

@: lethally poisoned (-3 -> -4), regenerating quickly, lightly drained
A: fangs 3, see invisible, unbreathing
a: Exsanguinate


You were on level 2 of the Dungeon.
You visited 1 branch of the dungeon, and saw 2 of its levels.

You collected 83 gold pieces.

Inventory:

Hand Weapons
 a - a +0 long sword (weapon)
Missiles
 d - 3 throwing nets (quivered)
Armour
 c - a +0 helmet (worn)
 j - a +0 ring mail (worn)
 k - +0 fire dragon scales
Jewellery
 g - an amulet of regeneration (around neck)
Scrolls
 e - 2 scrolls of enchant weapon {unknown}
 i - 2 scrolls of identify {unknown}
 l - a scroll of remove curse {unknown}
Potions
 b - 2 potions of brilliance {unknown}
 f - a potion of invisibility {unknown}
 h - a potion of stabbing {unknown}
 m - a potion of curing


   Skills:
 + Level 2.3(2.1) Fighting
 + Level 3.4(3.1) Long Blades
 - Level 2.0(1.8) Throwing
 + Level 0.4(0.2) Armour
 + Level 3.7(3.5) Dodging
 + Level 1.3(1.1) Stealth


You had 2 spell levels left.
You didn't know any spells.
Your spell library was empty.

Dungeon Overview and Level Annotations

Branches:
Dungeon (2/15)

Altars:

Annotations:
D:2 Jessica


Innate Abilities, Weirdness & Mutations

Your natural rate of healing is unusually fast.
You have razor-sharp teeth.
You have supernaturally acute eyesight. (SInv)
You can survive without breathing.


Message History

Jessica points at you and mumbles some strange words.
You resist with some effort. The adder barely misses you.
You hit the adder.
The adder is lightly wounded.
Jessica gestures at you while chanting. Pain shoots through your body!
The adder barely misses you.
You closely miss the adder. You bite the adder.
The adder is heavily wounded.
The adder closely misses you.
You riposte.
You hit the adder but do no damage.
The adder is heavily wounded.
Jessica casts a spell at you. Pain shoots through your body!
* * * LOW HITPOINT WARNING * * *
The adder bites you.
* * * LOW HITPOINT WARNING * * *
You are lethally poisoned!
The adder poisons you!
Jessica points at you and mumbles some strange words.
Pain shoots through your body!
You die...

#.# #.. #.# ###.# ...#
..# .# #..####S####.#.#
####### #..@..)@)....#.#
#...... #.#####.######.#
.......
#.######.##..#####
.#####.........#..#####
#.......................
#######.##.........#####
#.######..#.## #. ..#
#..#.# #. ####
#..#.#####.


You could see an adder and Jessica.

Vanquished Creatures
  An ooze (D:1)
  A dart slug (D:2)
  2 leopard geckos (D:1)
  3 giant cockroaches (D:1)
  6 goblins
  6 hobgoblins
  3 jackals (D:2)
  4 bats
  3 frilled lizards (D:1)
  10 kobolds
  6 rats
45 creatures vanquished.

Notes
Turn   | Place    | Note
-------+----------+-------------------------------------------
     0 | D:1      | KristoblXynda the Vampire Gladiator began the quest for the
                  | Orb.
     0 | D:1      | Reached XP level 1. HP: 16/16 MP: 1/1
   110 | D:1      | Reached XP level 2. HP: 19/22 MP: 2/2
   329 | D:1      | Reached XP level 3. HP: 25/27 MP: 3/3
   951 | D:2      | Reached skill level 1 in Stealth
   991 | D:2      | Noticed Jessica
  1002 | D:2      | HP: 1/27 [adder (2)]
  1002 | D:2      | Killed from afar by Jessica

Illustrated notes

Levels and vault maps discovered:
D:1:      heliophobic_arrival_ceremonial_halls, layout_loops_ring,
          minmay_small_reverse_x
D:2:      layout_loops_ring, chequers_serial_rivers_micro_e, uniq_jessica,
          uniq_crazy_yiuf_cottage

Skill      XL: |  1  2  3 |
---------------+----------+-----
Fighting       | 2 |  2.3
Throwing       | 2 |  2.0
Stealth        | 1 |  1.3
Long Blades    | |  3.4
Armour         | |  0.4
Dodging        | |  3.7

Action                   || total
-------------------------++-------
Melee: Long sword        ||    93
       Bite              ||    10
Armor: Leather armour    ||    13
       Ring mail         ||    27
Dodge: Dodged            ||    86
       Rpst.: Long sword ||    32

Table legend: (Time is in decaauts)
 A = Elapsed time spent in this place.
 B = Non-inter-level travel time spent in this place.
 C = Inter-level travel time spent in this place.
 D = Time resting spent in this place.
 E = Time spent auto-exploring this place.
 F = Levels seen in this place.
 G = Mean time per level.
                   A        B        C        D        E       F      G
               +--------+--------+--------+--------+--------+-----+--------+
         Total |   1023 |    954 |     69 |      0 |    633 |   2 |  511.5 |
       Dungeon |   1023 |    954 |     69 |      0 |    633 |   2 |  511.5 |
               +--------+--------+--------+--------+--------+-----+--------+

Top non-repeatable levels by time:
     D:1: 765 daAuts
     D:2: 258 daAuts
